 Dungeon Crawl Stone Soup version 0.32-a0-433-g08bcfe7efd (webtiles) character file.

Game seed: 15962137045145991062

11174 Dittersdorf the Protected (level 11, -5/73 HPs)
             Began as a Gargoyle Fighter on Feb 22, 2024.
             Was an Initiate of Gozag.
             Slain by a large slime creature (19 damage)
             ... on level 11 of the Dungeon.
             The game lasted 00:11:37 (8844 turns).

Dittersdorf the Protected (Gargoyle Fighter)        Turns: 8844, Time: 00:11:37

Health: -5/73      AC: 26    Str: 24    XL:     11   Next: 73%
Magic:  20/20      EV:  8    Int:  9    God:    Gozag
Gold:   1760       SH:  6    Dex: 12    Spells: 10/10 levels left

rFire   . . .        z - +7 flail "Qodout" {freeze, rC+ Dex+3}
rCold   + . .        c - +0 buckler
rNeg    + . .        l - +0 chain mail
rPois   ∞            A - +0 helmet of Ru's Supremacy {^Contam rElec Will+++ Regen+}
rElec   +            n - +2 cloak
rCorr   .            C - +0 pair of gloves
SInv    .            (no boots)
Will    +++..        p - amulet of regeneration Stlth
                     i - ring of magical power
HPRegen 1.92/turn    (no ring)
MPRegen 0.17/turn

%: no passive effects
@: no status effects
A: sickness immunity, AC +8, negative energy resistance 1, electricity
resistance, torment resistance 1, petrification resistance
a: Renounce Religion, Potion Petition, Call Merchant, Bribe Branch


You were on level 11 of the Dungeon.
You worshipped Gozag.
Gozag was most pleased with you.
You visited 1 branch of the dungeon, and saw 11 of its levels.

You collected 1807 gold pieces.
You paid 47 gold pieces to Gozag.

Inventory:

Hand Weapons
 a - a +1 heavy flail
 r - the +6 orcbow of Gotoasui {drain, Str+2}
   (You found it on level 9 of the Dungeon)

   Str+2:     It affects your strength (+2).
 z - the +7 flail "Qodout" (weapon) {freeze, rC+ Dex+3}
   (You found it on level 4 of the Dungeon)

   Dex+3:     It affects your dexterity (+3).
   rC+:       It protects you from cold.
Armour
 c - a +0 buckler (worn)
 g - a +2 helmet
 l - a +0 chain mail (worn)
 n - a +2 cloak (worn)
 A - the +0 helmet of Ru's Supremacy (worn) {^Contam rElec Will+++ Regen+}
   (You found it on level 4 of the Dungeon)

   rElec:     It insulates you from electricity.
   Will+++:   It greatly increases your willpower.
   ^Contam:   It causes magical contamination when unequipped.
   Regen+:    It increases your rate of health regeneration.
 C - a +0 pair of gloves (worn)
Jewellery
 b - a ring of ice
 i - a ring of magical power (left hand)
 p - an amulet of regeneration (around neck)
 t - a ring of wizardry
 y - a ring of fire
Wands
 w - a wand of flame (16)
 x - a wand of quicksilver (4)
Scrolls
 e - 4 scrolls of revelation
 f - 2 scrolls of teleportation
 j - 2 scrolls of poison
 k - a scroll of enchant armour
Potions
 d - 3 potions of might
 h - 6 potions of heal wounds
 m - a potion of brilliance
 o - a potion of resistance
 q - a potion of haste
 s - a potion of cancellation
 u - a potion of curing
 v - 2 potions of invisibility
 B - a potion of magic {unknown}


   Skills:
 + Level 10.6 Fighting
 + Level 9.3 Maces & Flails
 - Level 1.3 Polearms
 + Level 10.6 Armour
 + Level 10.6 Shields


You had 10 spell levels left.
You didn't know any spells.
Your spell library contained the following spells:

 Spells                   Type           Power      Damage    Failure   Level
 Foxfire                  Conj/Fire      0%         2x1d4     88%         1
 Magic Dart               Conj           0%         1d3       88%         1
 Summon Small Mammal      Summ           0%         N/A       88%         1
 Blink                    Tloc           0%         N/A       96%         2
 Call Imp                 Summ           0%         N/A       96%         2
 Scorch                   Fire           0%         2d5       96%         2
 Flame Wave               Conj/Fire      0%         2d4       100%        4
 Summon Cactus Giant      Summ           0%         N/A       100%        6


Dungeon Overview and Level Annotations

Branches:
Dungeon (11/15)
 Temple: D:4-7         Lair: D:8-11         Orc: D:9-12

Altars:
Ashenzari
Cheibriados
Fedhas
Gozag
Kikubaaqudgha
Makhleb
Qazlal
Ru
Sif Muna
Trog
Vehumet
Wu Jian
Xom
Yredelemnul
The Shining One

Shops:
D:9 (

Annotations:
D:11 1 runed translucent door


Innate Abilities, Weirdness & Mutations

You are immune to sickness and miasma.
Your stone body is resilient. (AC +8)
You are immune to poison.
You resist negative energy. (rN+)
You are resistant to electric shocks. (rElec)
You are resistant to unholy torment.
You are immune to petrification.


Message History

You block something's attack. x2
Things that are here:
12 gold pieces; a +0 orcbow Something hits you but does no damage.
Something bites you but does no damage. 2 slime creatures come into view.
The slime creature quivers. x2
Two slime creatures merge to form a large slime creature.
Something hits you but does no damage. Something bites you!
You barely miss the large slime creature.
Something hits you. Something bites you but does no damage.
The large slime creature closely misses you.
You sock the large slime creature! You freeze the large slime creature.
The large slime creature is lightly wounded.
Something hits you. You block something's attack.
You barely miss the large slime creature.
The large slime creature is lightly wounded.
The large slime creature hits you!! Something hits you but does no damage.
You block something's attack.
You sock the large slime creature! You freeze the large slime creature.
The large slime creature is moderately wounded.
The large slime creature hits you but does no damage.
Something hits you. Something completely misses you.
You sock the large slime creature! You freeze the large slime creature.
The large slime creature is moderately wounded.
The large slime creature hits you but does no damage.
Something hits you. Something bites you but does no damage.
You sock the large slime creature! You freeze the large slime creature.
The large slime creature is heavily wounded.
The large slime creature hits you!!
* * * LOW HITPOINT WARNING * * *
Something hits you but does no damage. Something bites you but does no damage.
You bludgeon the large slime creature!! You freeze the large slime creature.
The large slime creature is severely wounded.
The large slime creature closely misses you.
You block something's attack. Something bites you but does no damage.
You bludgeon the large slime creature!! You freeze the large slime creature!
The large slime creature is almost dead.
The large slime creature hits you!!
You die...
Your body crumbles into a pile of gold.

#...#
#...####........#
#...#
#.........#####.#
#...# #.........#
#
#...####.$.......#
#....$^..$######.#
#....$....# #.#
#.....$...# #.#
#...#####{# #.#
#...# #@# #.#
#...# #J# #....#
#.# #⌠.#..# #.#
P#..#..# #.#
P+.....# #.# #..
#.#


You could see a large slime creature.

Vanquished Creatures
  Fannar (D:10)
  A two-headed ogre (D:10)
  A manticore (D:11)
  An ugly thing (D:9)
  Joseph (D:9)
  An unseen horror (D:10)
  2 kobold demonologists (D:9)
  Maggie (D:9)
  Psyche (D:11)
  A komodo dragon (D:10)
  A troll (D:9)
  Grinder (D:4)
  3 slime creatures (D:11)
  16 yaks
  A shadow (D:10)
  A wyvern (D:8)
  A steam dragon (D:9)
  An acid dragon (D:8)
  A water moccasin (D:9)
  An orc warrior (D:5)
  2 black bears
  2 ice beasts
  3 ogres
  A sky beast (D:6)
  3 centaurs (D:11)
  2 kobold brigands
  A phantom (D:7)
  Blork the orc (D:4)
  2 bullfrogs (D:7)
  A gnoll sergeant (D:7)
  A scorpion (D:5)
  7 wights
  13 killer bees
  2 howler monkeys
  A bombardier beetle (D:4)
  A crimson imp (D:9)
  2 orc priests
  A jelly (D:5)
  2 hounds (D:6)
  4 iguanas
  2 sleepcaps
  Crazy Yiuf (D:2)
  11 orc wizards
  12 gnolls
  7 adders
  2 shadow imps
  A white imp (D:6)
  2 ribbon worms (D:3)
  13 orcs
  2 endoplasms
  2 giant cockroaches
  5 goblins
  7 hobgoblins
  20 kobolds
  4 quokkas
  10 ball pythons
  7 bats
  4 frilled lizards
  15 rats
217 creatures vanquished.

Vanquished Creatures (others)
  An orc (D:9)
1 creature vanquished.

Grand Total: 218 creatures vanquished

Notes
Turn   | Place    | Note
-------+----------+-------------------------------------------
     0 | D:1      | Dittersdorf the Gargoyle Fighter began the quest for the
                  | Orb.
     0 | D:1      | Reached XP level 1. HP: 14/14 MP: 1/1
   131 | D:1      | Reached XP level 2. HP: 19/19 MP: 2/2
  1025 | D:1      | Reached XP level 3. HP: 23/23 MP: 3/3
  1240 | D:2      | Identified the +6 spear of Sharp Resourcefulness {freeze,
                  | rCorr Int+4 Stlth+}
  1284 | D:2      | Found a runed translucent door.
  1285 | D:2      | Noticed Crazy Yiuf
  1291 | D:2      | Killed Crazy Yiuf
  1300 | D:2      | Identified the +7 hammer of the Pharaoh's Fist {distort,
                  | rC+ Int+3 Stlth+}
  1461 | D:2      | Reached XP level 4. HP: 29/29 MP: 4/4
  2282 | D:3      | Reached skill level 1 in Polearms
  2292 | D:3      | Found an ornate altar of the Wu Jian Council.
  2453 | D:3      | Found an ancient bone altar of Kikubaaqudgha.
  2565 | D:3      | Found a shimmering altar of Xom.
  2764 | D:3      | Reached XP level 5. HP: 31/33 MP: 5/5
  2818 | D:3      | Found a blossoming altar of Fedhas.
  2906 | D:3      | Found a snail-covered altar of Cheibriados.
  3128 | D:4      | Identified the +7 flail "Qodout" {freeze, rC+ Dex+3}
  3147 | D:4      | Found a sacrificial altar of Ru.
  3196 | D:4      | Found an opulent altar of Gozag.
  3210 | D:4      | Became a worshipper of Gozag Ym Sagoz the Greedy
  3386 | D:4      | Identified the +0 helmet of Ru's Supremacy {^Contam rElec
                  | Will+++ Regen+}
  3403 | D:4      | Noticed Grinder
  3418 | D:4      | Killed Grinder
  3419 | D:4      | Reached XP level 6. HP: 30/40 MP: 6/6
  3621 | D:4      | Reached skill level 5 in Fighting
  3621 | D:4      | Reached skill level 5 in Armour
  3621 | D:4      | Reached skill level 5 in Shields
  3621 | D:4      | Reached XP level 7. HP: 30/44 MP: 7/7
  3670 | D:4      | Noticed Blork the orc
  3681 | D:4      | Killed Blork the orc
  3921 | D:5      | Entered Level 5 of the Dungeon
  3938 | D:5      | Reached XP level 8. HP: 51/51 MP: 8/8
  4078 | D:5      | Found a bloodstained altar of Trog.
  4100 | D:5      | Found a shimmering blue altar of Sif Muna.
  4106 | D:5      | Got Sif Muna's Collected Works on Embers and Bringing Forth
  4146 | D:5      | Found a glowing golden altar of the Shining One.
  4260 | D:5      | Reached skill level 5 in Maces & Flails
  4384 | D:5      | Found a broken altar of Ashenzari.
  4765 | D:6      | Identified the +1 mace of Cataclysm {pain, rF+}
  4944 | D:6      | Reached XP level 9. HP: 41/56 MP: 9/9
  6727 | D:9      | Found a radiant altar of Vehumet.
  6728 | D:9      | Found a burning altar of Makhleb.
  6794 | D:9      | Reached XP level 10. HP: 64/64 MP: 10/10
  6835 | D:9      | Noticed Maggie
  6856 | D:9      | Killed Maggie
  6962 | D:9      | Found Ontuff's Weapon Boutique.
  7266 | D:9      | Noticed Joseph
  7280 | D:9      | Killed Joseph
  7464 | D:9      | Identified the +6 orcbow of Gotoasui {drain, Str+2}
  7624 | D:10     | Entered Level 10 of the Dungeon
  7655 | D:10     | Noticed a brown ugly thing
  7670 | D:10     | HP: 2/66 [acid (6)]
  7676 | D:9      | Killed a brown ugly thing
  7687 | D:9      | Reached XP level 11. HP: 7/71 MP: 1/11
  7821 | D:10     | Found a basalt altar of Yredelemnul.
  7838 | D:10     | Noticed Fannar
  7877 | D:10     | Killed Fannar
  7966 | D:9      | Reached skill level 10 in Armour
  8206 | D:10     | Reached skill level 10 in Fighting
  8206 | D:10     | Reached skill level 10 in Shields
  8242 | D:10     | Noticed a two-headed ogre
  8252 | D:10     | Killed a two-headed ogre
  8369 | D:10     | Found a stormy altar of Qazlal.
  8608 | D:11     | Noticed Psyche
  8617 | D:11     | Killed Psyche
  8768 | D:11     | Noticed a manticore
  8782 | D:11     | Killed a manticore
  8826 | D:11     | Found a runed translucent door.
  8844 | D:11     | Slain by a large slime creature

Illustrated notes

Levels and vault maps discovered:
D:1:      ldierk_walled_garden, layout_basic, hangedman_decor_diamond_cutter,
          dk_noncrumbling_4, grunt_decor_junction, kennysheep_decorative_pillar,
          minmay_cut_off
D:2:      layout_loops_corners, skrybe_limestone_x, uniq_crazy_yiuf_cottage
D:3:      layout_loops_corners, nicolae_wu_jian_wuxing_cycle,
          cheibriados_altar_1, overflow_temple_1_default,
          mainiacjoe_overflow_alcove_4, mainiacjoe_overflow_surrounded_room,
          serial_rivers, chequers_serial_rivers_micro_d,
          chequers_serial_rivers_small_b, chequers_serial_rivers_micro_d,
          chequers_serial_rivers_small_a
D:4:      layout_loops_cross, general_overflow_altar, lemuel_round_altar,
          uniq_grinder, uniq_blork_the_orc
D:5:      layout_loops_cross, nzn_overflow_gifts_of_might_and_magic,
          evilmike_ruin_ashenzari, tso_metal_star, grunt_decor_clamped
D:6:      layout_loops_cross, minmay_misc_feat_rugged
D:7:      layout_loops_ring, minmay_temple_entry_from_below_a, nrook_campfire
D:8:      layout_loops_ring, columned_hall_lemuel
D:9:      layout_grid_maze, grunt_temple_overflow_lords_of_destruction,
          serial_shops, kennysheep_mini_moat, uniq_maggie, uniq_joseph
D:10:     layout_rooms, kennysheep_mini, mainiacjoe_overflow_paths, uniq_fannar
D:11:     layout_long_grid, erik_lair_orcish_takeover,
          ebering_ghost_funeral_grove, uniq_psyche, uniq_snorg

Skill      XL: |  1  2  3  4  5  6  7  8  9 10 11 |
---------------+----------------------------------+-----
Armour         | 4 5 6 8 9 10 | 10.6
Fighting       | 4 5 6 8 9 10 | 10.6
Polearms       | 1 |  1.3
Shields        | 4 5 6 8 9 10 | 10.6
Maces & Flails | 3 4 5 6 8 9 |  9.3

Action                     |  1- 3 |  4- 6 |  7- 9 | 10-12 || total
---------------------------+-------+-------+-------+-------++-------
  Melee: Flail             |    82 |    34 |   255 |   288 ||   659
         Spear             |    10 |    65 |       |       ||    75
    Use: Scroll            |       |       |    17 |     6 ||    23
         Potion            |       |       |       |     2 ||     2
   Stab: Distracted        |       |       |     3 |     1 ||     4
 Armour: Scale mail        |    64 |     9 |       |       ||    73
         Chain mail        |       |    34 |   205 |   417 ||   656
  Dodge: Dodged            |    42 |    25 |    83 |   143 ||   293
  Block: Buckler           |    16 |    18 |    54 |    98 ||   186

Table legend: (Time is in decaauts)
 A = Elapsed time spent in this place.
 B = Non-inter-level travel time spent in this place.
 C = Inter-level travel time spent in this place.
 D = Time resting spent in this place.
 E = Time spent auto-exploring this place.
 F = Levels seen in this place.
 G = Mean time per level.
                   A        B        C        D        E       F      G
               +--------+--------+--------+--------+--------+-----+--------+
         Total |   8939 |   8451 |    488 |    231 |   6476 |  11 |  812.6 |
       Dungeon |   8939 |   8451 |    488 |    231 |   6476 |  11 |  812.6 |
               +--------+--------+--------+--------+--------+-----+--------+

Top non-repeatable levels by time:
     D:1: 1263 daAuts
     D:9: 1247 daAuts
     D:2: 977 daAuts
     D:3: 969 daAuts
     D:5: 789 daAuts
     D:4: 768 daAuts
     D:7: 729 daAuts
     D:6: 689 daAuts
    D:10: 685 daAuts
     D:8: 587 daAuts
    D:11: 232 daAuts
